[Event "MPL-4 Indian Chess Tour 2022"]
[Site "Chess24"]
[Date "2022.09.27"]
[Round "9.5"]
[White "Aronyak Ghosh"]
[Black "Karthikeyan, Murali"]
[Result "0-1"]
[ECO "E04"]
[WhiteElo "2519"]
[BlackElo "2623"]
[Annotator "TA"]
[PlyCount "122"]
[EventDate "2022.09.29"]
[EventType "tourn (rapid)"]
[EventCountry "NET"]
[SourceTitle "playchess.com"]
[Source "ChessBase"]
[SourceQuality "1"]
[WhiteTeam "India"]
[BlackTeam "India"]
[WhiteTeamCountry "IND"]
[BlackTeamCountry "IND"]
[TimeControl "900+10"]

1. Nf3 Nf6 2. g3 d5 3. Bg2 c5 4. O-O Nc6 5. d4 e6 6. c4 dxc4 7. dxc5 Qxd1 8. Rxd1 Bxc5 9. Nbd2 c3 10. bxc3 O-O 11. Nb3 Be7 12. c4 Bd7 13. Bb2 {[%emt 0:00:28] E04: Open Catalan: 5 Nf3.} Rfc8 14. Rab1 {[%emt 0:03:02] [#] Hoping for Bxf6.} Be8 {[%emt 0:00:18] [#]} 15. Nfd4 $146 {[%emt 0:00:11] The position is equal.} ({Predecessor:} 15. Ne1 Rab8 16. Nd3 Nd7 17. c5 b6 18. cxb6 axb6 19. Rbc1 Nc5 20. Nbxc5 bxc5 21. Rd2 {½-½ (47) Kjartansson,G (2450)-Rozum,I (2537) Kragero 2022}) 15... a5 16. Nb5 a4 17. Nd2 Na5 18. Ba3 Bxb5 19. Bxe7 Ba6 20. a3 h6 21. Rb4 Nd7 22. Rxa4 Nc6 23. Bxc6 Rxc6 24. Rb1 Re8 25. Bb4 Nb6 26. Ra5 Nxc4 27. Nxc4 Bxc4 28. Rb2 Rec8 29. Re5 Bd5 {[%emt 0:00:42] [#] ( -> ...Rc1+)} 30. f3 Rc1+ 31. Kg2 Rd1 32. e4 Bc6 33. Rc5 Rcd8 34. Rcc2 R8d3 35. Rd2 R1xd2+ 36. Rxd2 $11 {[%emt 0:00:02][%mdl 4096] Endgame KRB-KRB} Rb3 37. Rd6 g5 38. g4 Kg7 39. Kf2 Kg6 40. Rd8 f5 41. Rd6 fxe4 42. Rxe6+ Kf7 43. Rxh6 ({Of course not} 43. Re7+ Kf6 44. Rh7 Rxf3+ 45. Ke1 Kg6 $17) 43... Rb2+ 44. Ke3 Rb3+ (44... exf3 $5 45. Rf6+ $8 Kg8 $11) 45. Kf2 $1 Rb2+ 46. Ke3 exf3 {[%emt 0:00:00] ...Re2+ is the strong threat.} 47. Rf6+ $1 Ke8 48. Bc5 $2 (48. Re6+ $11 Kf7 49. Re7+ Kg6 50. Re6+ Kf7 51. Re7+ Kg6 52. Re6+ Kf7) 48... Rxh2 $19 49. Rf5 $2 (49. Kd3) 49... Re2+ 50. Kd4 Re4+ 51. Kc3 Rxg4 {[%emt 0:00:01] And now ...Rg2 would win.} 52. Be3 (52. Rf8+ {was worth a try.} Kd7 53. Rf6) 52... Be4 53. Re5+ Kf7 54. Kd2 (54. Rb5 $142) 54... Rg2+ 55. Kc3 Rg4 ({Better is} 55... Bc2 $19 56. Rd5 g4) 56. a4 $2 (56. Kd2 $1 $11) 56... Kf6 {[%emt 0:00:10] Black is clearly winning.} 57. Bd4 Kg6 58. a5 Bf5 59. Be3 Rg2 {[%emt 0:00:11] Threatens to win with ...f2.} 60. Rd5 Rc2+ 61. Kb3 Re2 {[%emt 0:00:01] Weighted Error Value: White=0.59/Black=0.20 (precise)} 0-1

[Event "MPL-4 Indian Chess Tour 2022"]
[Site "Chess24"]
[Date "2022.09.27"]
[Round "9.6"]
[White "Iniyan, P."]
[Black "Adhiban, B.."]
[Result "0-1"]
[ECO "A46"]
[WhiteElo "2556"]
[BlackElo "2603"]
[Annotator "TA"]
[PlyCount "84"]
[EventDate "2022.09.29"]
[EventType "tourn (rapid)"]
[EventCountry "NET"]
[SourceTitle "playchess.com"]
[Source "ChessBase"]
[SourceQuality "1"]
[WhiteTeam "India"]
[BlackTeam "India"]
[WhiteTeamCountry "IND"]
[BlackTeamCountry "IND"]
[TimeControl "900+10"]

1. d4 d6 2. Nf3 Nf6 3. Nc3 Bf5 4. Nh4 Bd7 5. Bg5 {[%emt 0:01:16] [#]} h6 $146 ({Predecessor:} 5... e6 6. Ne4 d5 7. Nxf6+ gxf6 8. Be3 c5 9. Nf3 cxd4 10. Nxd4 e5 11. Nb3 Be6 12. c3 {0-1 (38) Hildenbrand,P (2255)-Rapport,R (2646) Deizisau 2013}) 6. Bxf6 {[%emt 0:00:03] A46: 1 d4 Nf6 2 Nf3 e6: Torre, London and Colle Systems.} exf6 7. e4 {[%emt 0:00:01] Inhibits f5.} g6 {[%emt 0:00:03] Against Qh5} 8. g3 {[%emt 0:01:10] White is slightly better.} Bg7 9. Bg2 O-O 10. O-O Nc6 11. Qd3 Ne7 12. f4 f5 13. e5 dxe5 14. dxe5 c6 15. Rad1 Be6 16. Qe3 Qb6 17. Qxb6 axb6 18. a3 Rfd8 19. Rfe1 g5 20. fxg5 {[%emt 0:00:21] Black keeps a firm grip on the game.} (20. Nf3 $15) 20... hxg5 $17 21. Nf3 g4 22. Nd4 {[%emt 0:01:30] [#]} Ng6 $1 23. Nce2 (23. Rf1 $17) 23... Nxe5 $19 ({Inferior is} 23... Bxe5 24. c3) 24. b3 Rxa3 25. Nxe6 Rxd1 26. Rxd1 fxe6 27. Rd8+ Kf7 28. Rb8 $2 (28. Kf2) 28... Bf8 29. Rxb7+ Kf6 30. Nf4 Bc5+ 31. Kf1 Nf3 {[%emt 0:00:29] [#] ( -> ...Ra1+)} 32. Nd3 Ra1+ 33. Ke2 Nd4+ 34. Kf2 Ra2 35. b4 Rxc2+ 36. Kf1 Bf8 37. Rxb6 Bh6 {[%emt 0:00:03] White must now prevent ...Be3.} 38. Nf4 Bxf4 39. gxf4 Rb2 40. h3 g3 {[%emt 0:00:08][%cal Rb2b1] Black mates.} 41. Bxc6 Rf2+ 42. Kg1 Ne2+ {[%emt 0:00:02] Weighted Error Value: White=0.46/Black=0.04 (flawless)} 0-1

[Event "MPL-4 Indian Chess Tour 2022"]
[Site "Chess24"]
[Date "2022.09.27"]
[Round "9.7"]
[White "Ganguly, Surya Shekhar"]
[Black "Narayanan.S.L"]
[Result "1/2-1/2"]
[ECO "A30"]
[WhiteElo "2589"]
[BlackElo "2657"]
[Annotator "TA"]
[PlyCount "79"]
[EventDate "2022.09.29"]
[EventType "tourn (rapid)"]
[EventCountry "NET"]
[SourceTitle "playchess.com"]
[Source "ChessBase"]
[SourceQuality "1"]
[WhiteTeam "India"]
[BlackTeam "India"]
[WhiteTeamCountry "IND"]
[BlackTeamCountry "IND"]
[TimeControl "900+10"]

1. e3 b6 2. c4 Bb7 3. Nf3 Nf6 4. Nc3 e6 5. b3 c5 6. Bb2 Be7 7. d4 cxd4 {[%emt 0:00:07] A30: Symmetrical English: Double Fianchetto and Hedgehog.} 8. Nxd4 Nc6 9. Be2 a6 10. O-O O-O 11. Bf3 Qc7 12. Rc1 {[%emt 0:00:03][%cal Oc3d5] [#]} Nxd4 $146 ({Predecessor:} 12... Rfd8 13. Qe2 Rac8 14. Rfd1 Qb8 15. Na4 Nxd4 16. Bxd4 Bxf3 17. Qxf3 b5 18. Nb6 Rc7 19. cxb5 axb5 {1-0 (35) Bychkov,V (2303)-Mendonca,L (2530) Chess.com INT 2020}) 13. Bxb7 {[%emt 0:00:01] The position is equal.} Qxb7 ({Resist} 13... Nxb3 14. Bxa8 Nxc1 15. Bf3 $16) 14. Qxd4 Rfd8 15. a4 Bf8 16. e4 d5 17. cxd5 exd5 18. exd5 Nxd5 19. Qe4 Qd7 20. Nxd5 Qxd5 21. Qxd5 Rxd5 22. Rfd1 {[%emt 0:00:02] Inhibits Rd3.} Rxd1+ 23. Rxd1 $11 {[%emt 0:00:02][%mdl 4096] Endgame KRB-KRB} b5 24. g3 bxa4 25. bxa4 Rc8 26. Rd7 f6 27. Bd4 Bc5 28. Kg2 Bxd4 29. Rxd4 {[%emt 0:00:01] KR-KR} Rc5 30. Kf3 Kf7 31. Rb4 Kg6 32. Ke4 Rc2 33. Ke3 Ra2 34. h4 h5 35. Rf4 Kf7 36. Re4 Ra3+ 37. Ke2 Ra2+ 38. Ke3 Ra3+ 39. Ke2 Ra2+ 40. Ke3 {[%emt 0:00:01] A balanced but interesting game.  Weighted Error Value: White=0.02 (flawless) /Black=0.02 (flawless)} 1/2-1/2

[Event "MPL-4 Indian Chess Tour 2022"]
[Site "Chess24"]
[Date "2022.09.27"]
[Round "9.8"]
[White "Mendonca, Leon Luke"]
[Black "Mohammad Nubairshah Shaikh"]
[Result "1-0"]
[ECO "D15"]
[WhiteElo "2558"]
[BlackElo "2461"]
[Annotator "TA"]
[PlyCount "95"]
[EventDate "2022.09.29"]
[EventType "tourn (rapid)"]
[EventCountry "NET"]
[SourceTitle "playchess.com"]
[Source "ChessBase"]
[SourceQuality "1"]
[WhiteTeam "India"]
[BlackTeam "India"]
[WhiteTeamCountry "IND"]
[BlackTeamCountry "IND"]
[TimeControl "900+10"]

1. c4 c6 2. Nf3 d5 3. e3 Nf6 4. Nc3 a6 5. d4 b5 6. b3 Bg4 7. a4 {[%emt 0:00:31][%cal Ra4b5] D15: Slav Defence: 4 Nc3 a6 and gambit lines after 4 Nc3 dxc4.} b4 {[%emt 0:01:45] 7...bxc4 is more advanced technology.} 8. Ne2 Nbd7 {[%emt 0:01:10] [#]} 9. a5 $146 ({White should play} 9. Ne5 $14) ({Predecessor:} 9. Ne5 Nxe5 10. dxe5 Nd7 11. f3 Bh5 12. Nf4 Bg6 13. e6 Nc5 14. cxd5 cxd5 15. Bb2 Nxe6 16. Nxe6 fxe6 {½-½ (70) Kryakvin,D (2586)-Volkov,S (2567) Grozny 2019}) 9... c5 (9... dxc4 $11 10. bxc4 e5) 10. Ng3 (10. Ne5 $16) 10... h5 $11 11. h3 Bxf3 12. gxf3 cxd4 (12... h4 $5 13. Ne2 $8 dxc4 $11) 13. exd4 (13. cxd5 $5 dxe3 14. Bxe3 $11 (14. fxe3 Qc7 $11)) 13... e6 14. Bd3 Bd6 (14... Nb8 $142) 15. f4 h4 16. Ne2 Bc7 17. f5 ({White should try} 17. Rg1 $14) 17... dxc4 $15 18. Bxc4 {[%emt 0:04:05] Threatens to win with Rg1.} exf5 19. Rg1 Kf8 20. Qd3 g6 21. Bxa6 (21. Bg5 $11 {keeps the balance.}) 21... Bxa5 $17 22. Bc4 Kg7 $2 (22... Bc7 $19 23. Ra4 Nb6 24. Rxb4 Ra1) 23. Qxf5 {[%emt 0:00:07] Strongly threatening Nf4.} Rh5 $2 {[%emt 0:00:04] [#]} (23... Bb6 $11 {and Black has nothing to worry.} 24. Rxa8 Qxa8) 24. Qf3 $1 $18 {[%emt 0:00:07] Hoping for Kf1.} Nb6 25. Kf1 (25. Nf4 $18 Rf5 {[#]} 26. Rxg6+ $1 fxg6 27. Ne6+ Kh8 28. Qxf5 gxf5 29. Nxd8) 25... Qe7 $2 (25... Nxc4 $14 26. bxc4 Qe8) 26. d5 $2 (26. Nf4 $18) 26... Nbxd5 $2 (26... Qe5 $11 {and Black stays safe.} 27. Ra2 Nxc4 28. bxc4 Rf5) 27. Bb2 {[%emt 0:00:03] A strong pair of Bishops.} Re5 (27... Kh7) 28. Nd4 $2 (28. Bxd5 $18 {and the rest is easy.} Ra7 29. Bc4) 28... Re8 29. Nf5+ Rxf5 30. Qxf5 Nc3 31. Bxc3 $2 ({Worse is} 31. Rxa5 Qe1+ 32. Kg2 gxf5 $11) (31. Qxa5 Qd6 32. Bxc3 bxc3 33. Qxc3) 31... bxc3 32. Qxa5 {[%emt 0:00:03] Chess con chili.} Ne4 33. Qd5 Qf6 {[%emt 0:00:05] [#] Against Qd4} (33... Rd8 $16 {was called for.} 34. Qxf7+ (34. Qc6 c2 $15) 34... Qxf7 35. Bxf7 Kxf7) 34. Qxf7+ $1 Qxf7 35. Bxf7 Kxf7 {[%emt 0:00:00][%mdl 4096] Endgame KRR-KRN} 36. Kg2 {[%emt 0:00:08] Rge1 is the strong threat.} Rb8 (36... Rc8 $142 37. Ra4 Nd2) 37. Rge1 Nd2 38. Ra7+ Kf6 39. Rc7 {[%emt 0:00:08] Prevents Rc8.} Rxb3 40. Re3 Nb1 41. Rc6+ Kf5 42. Rc5+ Kf6 43. Re4 g5 (43... Na3 $142 44. Rxh4 c2) 44. Ra4 {[%emt 0:00:15] Threatening mate with Ra6+.} Na3 $2 (44... Rb6 $18 45. Rd4 Ke6) 45. Ra6+ {[%emt 0:00:06] White mates.} Ke7 46. Rc7+ Kd8 47. Rg7 Rb8 48. Rh6 {[%emt 0:00:17] Weighted Error Value: White=0.81/Black=0.67} 1-0

[Event "MPL-4 Indian Chess Tour 2022"]
[Site "Chess24"]
[Date "2022.09.27"]
[Round "10.1"]
[White "Raja Harshit"]
[Black "Mohammad Nubairshah Shaikh"]
[Result "0-1"]
[ECO "B11"]
[WhiteElo "2459"]
[BlackElo "2461"]
[Annotator "TA"]
[PlyCount "110"]
[EventDate "2022.09.29"]
[EventType "tourn (rapid)"]
[EventCountry "NET"]
[SourceTitle "playchess.com"]
[Source "ChessBase"]
[SourceQuality "1"]
[WhiteTeam "India"]
[BlackTeam "India"]
[WhiteTeamCountry "IND"]
[BlackTeamCountry "IND"]
[TimeControl "900+10"]

1. e4 c6 2. Nf3 d5 3. Nc3 dxe4 4. Nxe4 Nf6 5. Qe2 Nxe4 6. Qxe4 Nd7 {[%emt 0:00:01] B11: Caro-Kann: Two Knights Variation.} 7. d4 Nf6 8. Qf4 Qa5+ {[%emt 0:00:33] The position is equal.} 9. Bd2 Qf5 10. Bd3 Qxf4 11. Bxf4 Bg4 12. Ne5 {[%emt 0:00:14] [#]} Bh5 $146 ({Predecessor:} 12... e6 13. Nxg4 Nxg4 14. c3 Nf6 15. a4 O-O-O 16. O-O-O Bd6 17. Bd2 e5 18. dxe5 Bxe5 {1-0 (30) Oparin,G (2683)-Lenderman,A (2535) Chess.com INT 2022}) 13. a4 e6 (13... Nd5 $5 14. Be3 e6 $11) 14. a5 a6 (14... Nd5 $5 15. Be3 Bb4+ 16. Bd2 f6 $11) 15. O-O Rd8 16. Ra4 c5 (16... Nd5 $11 17. Bd2 Bd6) 17. dxc5 $14 Bxc5 18. b4 Bd6 19. b5 Nd5 20. Bg3 Nc3 {[%emt 0:01:07] [#]} 21. Rd4 (21. bxa6 $1 $14 bxa6 22. Rd4) 21... f6 {[%emt 0:02:20] Strongly threatening ...Ne2+.} 22. bxa6 Bxe5 (22... fxe5 $2 23. Rxd6 $1 Rxd6 24. axb7 $18) 23. Bxe5 fxe5 24. Rc4 (24. Rxd8+ Kxd8 25. axb7 Kc7 $17) 24... e4 (24... Ne2+ $11 {keeps the balance.} 25. Kh1 bxa6) 25. Rxc3 exd3 26. axb7 Be2 ({Black should try} 26... d2 $1 $14 27. Rc8 O-O 28. Rxd8 Rxd8) 27. cxd3 $18 (27. Rc8 O-O 28. Rxd8 (28. b8=Q $2 Rxc8 29. Qe5 Bxf1 $19) 28... Rxd8 29. cxd3 Bxd3) 27... Bxf1 28. Rc8 $1 (28. Kxf1 $6 Kd7 $16) 28... Kd7 29. b8=Q {[%emt 0:00:06] Qc7+ would kill now.} Rxc8 30. Qb5+ Kd6 (30... Ke7 {keeps fighting.}) 31. Kxf1 {[%emt 0:00:07][%mdl 4096] Endgame KQ-KRR} Rc1+ 32. Ke2 Rhc8 (32... Rc7 $142 33. d4 Rd8 34. Qe5+ Kd7 35. Qxg7+ Kc8) 33. Qb6+ Ke7 34. a6 R8c2+ 35. Ke3 $2 (35. Kf3 $18 {and the rest is easy.} Ra1 36. Qd4 (36. a7 Rca2 $16) 36... Rxa6 37. Qxg7+ Kd6 38. Qxh7) 35... Ra2 $16 36. Qb4+ (36. g4 $18) 36... Kf7 37. Qf4+ Kg8 38. Qd6 Kf7 39. Qd7+ Kf8 40. Qd6+ Kf7 41. Kf3 {[%emt 0:00:07] aiming for Qf4+.} Rca1 42. Qd7+ Kf6 43. g4 (43. Qd4+ $16 Kf7 44. Qd7+ Kf6 45. Qd8+ (45. Qd4+ Kf7 $16) 45... Kf7 46. Qc7+ (46. Qd7+ Kf6 $16) 46... Kg6 47. Qg3+ Kf7 48. Qf4+ Kg8 49. Qb8+ Kf7 50. Qc7+ Kg6 51. Qe5 Rxa6 52. Qe4+ Kf7 53. Qxh7) 43... h6 $1 $11 44. h4 Rxa6 45. h5 {[%emt 0:00:06] Black must now prevent Qe8.} R1a5 $2 {[%emt 0:00:32][%mdl 8192] [#]} (45... Ra8 $11) 46. Qe8 $1 $18 Ra7 47. d4 {[%emt 0:00:17] Hoping for Qf8+.} Ra3+ 48. Ke4 $2 (48. Kg2 $18) 48... Kg5 $14 49. Qxe6 ({Better is} 49. f3 $14 Kh4 50. Qxe6) 49... Kh4 {[%emt 0:00:09] [#]} (49... R3a6 $1 $11 50. Qf5+ Kh4) 50. f4 ({White should play} 50. Qd6 $1 $16) 50... R3a6 $11 51. Qc8 Re7+ 52. Kd5 Rf6 53. Kc5 Rxf4 54. Qd8 Rfe4 55. Kd6 $2 (55. Qf8 $11) 55... Rxd4+ {[%emt 0:00:05] A wild game.  Weighted Error Value: White=0.56/Black=0.21 (precise)} 0-1

[Event "MPL-4 Indian Chess Tour 2022"]
[Site "Chess24"]
[Date "2022.09.27"]
[Round "10.2"]
[White "Narayanan.S.L"]
[Black "Mendonca, Leon Luke"]
[Result "1/2-1/2"]
[ECO "D14"]
[WhiteElo "2657"]
[BlackElo "2558"]
[Annotator "TA"]
[PlyCount "137"]
[EventDate "2022.09.29"]
[EventType "tourn (rapid)"]
[EventCountry "NET"]
[SourceTitle "playchess.com"]
[Source "ChessBase"]
[SourceQuality "1"]
[WhiteTeam "India"]
[BlackTeam "India"]
[WhiteTeamCountry "IND"]
[BlackTeamCountry "IND"]
[TimeControl "900+10"]

1. c3 c5 2. Nf3 Nf6 3. d4 cxd4 4. cxd4 d5 5. Nc3 Nc6 6. Bf4 Bf5 7. Qb3 Na5 8. Qa4+ Bd7 9. Qc2 e6 {[%emt 0:00:10] D14: Slav Defence: Exchange variation with ...Bf5.} 10. e3 Rc8 11. Bd3 {[%emt 0:00:01] Prevents Ne4.} Bb4 $1 {[%emt 0:00:59][%cal Of6e4][%mdl 4] is more profitable than 11...Be7 at the moment.} 12. O-O Nh5 13. Be5 Nc4 {[%emt 0:02:12] [#]} 14. Rfc1 $146 ({But not} 14. Bxh7 $2 {[#]} Nxb2 $1 15. Rac1 Bxc3 $19) ({Predecessor:} 14. Rac1 Qa5 15. Qe2 Nxe5 16. Nxe5 Nf6 17. g4 Bxc3 18. bxc3 Ke7 19. Qf3 h6 20. c4 dxc4 21. Rxc4 {0-1 (38) Lopez Azambuja,N (2296)-Salinas Herrera,P (2441) Villa Martelli 2017}) 14... Bxc3 15. bxc3 f6 16. Bg3 ({Don't play} 16. Bxh7 fxe5 17. Qg6+ Kf8 18. Qxh5 Be8 $17) 16... Nxg3 17. hxg3 g6 18. a4 Kf7 19. Nd2 Nxd2 20. Qxd2 Qa5 21. Bb5 Rc7 22. Qb2 Rhc8 23. Bxd7 Rxd7 24. Qb5 Qc7 25. a5 Qc6 26. Qb2 Qa6 27. Ra3 Rc6 28. Rca1 Qd3 29. Rc1 Qa6 30. Rb3 f5 31. Rb1 Rcc7 32. Rb5 Qc6 33. Rc1 Qc4 34. Rb4 Qd3 35. Rb3 Qc4 36. Rb1 Qa6 37. Kh2 Qd3 (37... Qxa5 $2 38. Ra1 Qxa1 39. Qxa1 $18) 38. Rc1 {[%emt 0:01:51][%cal Oc3c4] [#] Black must now prevent c4!} Qa6 39. Rb5 Rc4 40. Kh3 Rdc7 41. Rb1 Rxc3 42. Rxb7 Qxa5 43. Ra1 Rxb7 44. Qxb7+ $11 {[%emt 0:00:01][%mdl 4096] Endgame KQR-KQR} Rc7 45. Qb8 Qxa1 46. Qxc7+ {[%emt 0:00:02] KQ-KQ} Kf6 47. Qd8+ Kf7 48. Qc7+ Kf6 49. g4 fxg4+ 50. Kxg4 h5+ 51. Kg3 Qd1 52. Qd8+ Kf7 53. f3 {[%emt 0:00:11] Active counter play!} Qd3 54. Qc7+ Kf6 55. Qd8+ Kf7 56. Qc7+ Kf6 57. Qe5+ Kf7 58. Qf4+ Kg7 59. Qe5+ Kf7 60. e4 dxe4 61. Qc7+ Kf6 62. Qb8 (62. Qf4+ $11 Ke7 63. Qc7+ Kf8 64. Qd8+ Kg7 65. Qc7+ Kg8 66. Qb8+ Kh7 67. Qc7+ Kh8 68. Qe5+ Kh7 69. Qc7+ Kh8 70. Qe5+ Kh7 71. Qc7+) 62... g5 (62... Qa3 $1 $15 63. Qf4+ Ke7 64. Qc7+ Ke8) 63. Qf8+ {[%emt 0:01:12] The position is equal.} Kg6 64. Qg8+ Kf6 65. Qd8+ Kg6 66. Qe8+ Kf6 67. Qf8+ Kg6 68. Qg8+ Kf6 69. Qf8+ {[%emt 0:00:00] An even fight not without its subleties.  Weighted Error Value: White=0.02 (flawless) /Black=0.02 (flawless)} 1/2-1/2

[Event "MPL-4 Indian Chess Tour 2022"]
[Site "Chess24"]
[Date "2022.09.27"]
[Round "10.3"]
[White "Adhiban, B.."]
[Black "Ganguly, Surya Shekhar"]
[Result "1-0"]
[ECO "A13"]
[WhiteElo "2603"]
[BlackElo "2589"]
[Annotator "TA"]
[PlyCount "109"]
[EventDate "2022.09.29"]
[EventType "tourn (rapid)"]
[EventCountry "NET"]
[SourceTitle "playchess.com"]
[Source "ChessBase"]
[SourceQuality "1"]
[WhiteTeam "India"]
[BlackTeam "India"]
[WhiteTeamCountry "IND"]
[BlackTeamCountry "IND"]
[TimeControl "900+10"]

1. c4 c5 2. b3 Nf6 3. Bb2 Nc6 4. e3 e6 5. Nf3 d5 6. cxd5 exd5 7. Be2 d4 {[%emt 0:01:26] is more profitable than 7...Bd6 at the moment. A13: English Opening: 1...e6.} 8. exd4 Nxd4 9. Nxd4 cxd4 {[%emt 0:00:00] White has an edge.} 10. O-O Be7 11. Bf3 O-O 12. Na3 {[%emt 0:00:21] [#]} Rb8 $146 ({Black should try} 12... a6 $11) ({Predecessor:} 12... a6 13. Nc4 Rb8 14. Rc1 Re8 15. Re1 Be6 16. g3 Bc5 17. Bg2 h6 18. h3 Nd7 19. Kh2 b5 20. Ne5 Nxe5 21. Rxe5 Be7 22. Rc6 Rb6 23. Qc1 {½-½ (23) Andersen,J (2211)-Zubov,Y (2353) ICCF email 2017}) 13. Nb5 $14 Bc5 14. Rc1 Qb6 15. Qc2 {[%emt 0:01:17] White is more active.} Qxb5 16. Qxc5 Qxc5 17. Rxc5 Rd8 18. Rc4 d3 19. Be5 {[%emt 0:00:11] This bishop pair is nice.} Be6 20. Rc3 Rbc8 21. Bxb7 Rxc3 22. Bxc3 Nd5 {[%emt 0:00:24] [#]} (22... Rd7 $16 {was necessary.}) 23. Bxd5 (23. Ba5 $1 $18 Rd7 24. Bc6) 23... Rxd5 $18 {[%emt 0:00:09][%mdl 4096] Endgame KRB-KRB} 24. f3 f5 25. Kf2 f4 (25... Rd6 $16 26. Ke3 g5) 26. Re1 Kf7 {[%emt 0:00:16] [#]} 27. Bxg7 $1 Ra5 (27... h5 28. Bc3) 28. Bc3 Rxa2 29. b4 Bf5 30. Re5 Kg6 (30... Bg6 31. h4 Kf8) 31. Re7 h5 (31... Ra4 {was called for.} 32. Rg7+ Kh6) 32. Rg7+ Kh6 33. Rf7 Bg6 34. Rxf4 Ra6 35. Rf6 {[%emt 0:00:29] Against Re6} Rxf6 (35... Rb6 36. Rf8 h4) 36. Bxf6 {[%emt 0:00:00] KB-KB} Be8 37. h3 Kg6 38. Bd4 a6 $2 (38... Kf7 39. Bxa7 Ke6) 39. g4 Kf7 40. gxh5 Ke6 41. h6 {[%emt 0:00:01] White wants to mate with h7.} Bg6 42. Ke3 {[%emt 0:00:02] Kf4 would kill now.} Kd5 43. Bc3 {[%emt 0:00:05] White mates.} Bh7 44. Kf4 Ke6 45. Kg5 Kf7 46. f4 Ke6 47. h4 Bf5 48. h5 Bh7 49. Bb2 Ke7 50. f5 Kf7 51. Kf4 Ke7 52. Ke5 Kf7 53. Bc3 Ke7 54. f6+ Kf7 55. Kd6 {[%emt 0:00:01] Weighted Error Value: White=0.07 (flawless) /Black=0.55} (55. Bd4 $142 Bg8 56. Kd6 Bh7 57. Kc7 Bg8 58. Kb7 Kf8 59. Kb6 Kf7 60. Kxa6) 1-0

[Event "MPL-4 Indian Chess Tour 2022"]
[Site "Chess24"]
[Date "2022.09.27"]
[Round "10.4"]
[White "Karthikeyan, Murali"]
[Black "Iniyan, P."]
[Result "0-1"]
[ECO "B86"]
[WhiteElo "2623"]
[BlackElo "2556"]
[Annotator "TA"]
[PlyCount "80"]
[EventDate "2022.09.29"]
[EventType "tourn (rapid)"]
[EventCountry "NET"]
[SourceTitle "playchess.com"]
[Source "ChessBase"]
[SourceQuality "1"]
[WhiteTeam "India"]
[BlackTeam "India"]
[WhiteTeamCountry "IND"]
[BlackTeamCountry "IND"]
[TimeControl "900+10"]

1. e4 c5 2. Nf3 d6 3. d4 cxd4 4. Nxd4 Nf6 5. Nc3 a6 6. Bc4 e6 7. O-O {[%emt 0:00:01] Recently 7.Be3 got a lot of attention.} b5 8. Bd3 Bb7 9. Re1 {[%emt 0:00:11] B86: Sicilian Scheveningen/Najdorf: 6 Bc4, without early ...b5.} Be7 10. a4 b4 11. Na2 {[%emt 0:00:02] The position is equal.} O-O 12. Nxb4 d5 13. e5 $1 Bxb4 {[%emt 0:00:43] [#]} 14. Bg5 $146 {[%emt 0:00:01][%mdl 64] Pin} ({Predecessor:} 14. c3 Bc5 15. exf6 Qxf6 16. Qg4 h6 17. Qg3 Rc8 18. Nb3 Bb6 19. Be3 Bxe3 20. Rxe3 {1-0 (26) Neumann,U-Von Rosenberg,C DESC email 2010}) 14... Be7 (14... Bxe1 $2 15. exf6 Bxf2+ 16. Kxf2 $17) 15. exf6 Bxf6 16. Bxf6 (16. Qh5 g6 17. Bxf6 Qxf6 $11) 16... Qxf6 17. c3 Nd7 18. a5 e5 19. Nf5 d4 20. cxd4 e4 $1 21. Rxe4 {[%emt 0:01:13] Threatens to win with Re3.} Bxe4 22. Bxe4 Rab8 23. b3 Rfd8 $36 {[%emt 0:00:21][%cal Od7c5][%mdl 3072] aiming for ...Nc5! Black has compensation. Black is more active.} (23... Rfe8 $5 24. Bc2 Rb5 $11) 24. Rc1 {[%emt 0:01:18] Against Nc5. Black must now prevent Rc6.} Qe6 (24... Re8 $5 25. Bd3 g6 $11) 25. Bc2 (25. Qg4 g6 26. Ne3 Qxg4 27. Nxg4 Kg7 $17) (25. Bd3 $1 $11 {keeps the balance.}) 25... g6 $1 $17 26. Ne3 Nf6 {[%emt 0:00:37] Against d5} 27. g3 h5 28. h4 (28. Qd2 $142) 28... Rb4 29. Nc4 Rb5 (29... Qh3 30. Qf3 Ng4 31. Re1 $17) 30. Qd2 Rbd5 31. Rd1 {[%emt 0:00:28] [#]} (31. Re1 $17 {was worth a try.} Qh3 32. Qf4) 31... Qh3 ({Inferior is} 31... Rxd4 32. Qxd4 Rxd4 33. Rxd4 $17) (31... Ng4 $1 $19 32. Re1 Qf6) 32. Ne3 Ng4 33. Nf1 (33. Nxd5 $15 Qh2+ 34. Kf1 Qh1+ 35. Ke2 Qxd5 36. Re1) 33... R5d6 {[%emt 0:00:38] Black is much more active.} ({Stronger than} 33... Rxd4 34. Qxd4 Rxd4 35. Rxd4 $17) 34. Be4 {[%emt 0:00:04] [#] And now Bg2 would win.} Nf6 $1 ({Not} 34... Rxd4 35. Qxd4 Rxd4 36. Rxd4 $15) 35. Bg2 Qe6 36. Qc3 Qe2 37. Ne3 Ng4 38. Rd2 (38. Qc2 $17 Qxc2 39. Nxc2) 38... Qe1+ $19 39. Nf1 Rxd4 {[%emt 0:00:02][%mdl 64] Deflection, Decoy} 40. Rxd4 (40. Rc2 Qe6 41. Bh3) 40... Qxf2+ {[%emt 0:00:01] Weighted Error Value: White=0.35/Black=0.14 (very precise)} 0-1